 Dungeon Crawl Stone Soup version 0.29-a0-504-gec6baf379c (webtiles) character file.

Game seed: 4817992472776785638

14192 Essalna the Geomancer (level 12, -16/75 HPs)
             Began as a Gargoyle Earth Elementalist on May 28, 2022.
             Was an Initiate of Ashenzari.
             Shot with a bolt by a yaktaur captain (31 damage)
             ... on level 10 of the Dungeon.
             The game lasted 00:21:51 (14784 turns).

Essalna the Geomancer (GrEE)                       Turns: 14784, Time: 00:21:51

Health: -16/75     AC: 23    Str: 13    XL:     12   Next: 13%
Magic:  7/34       EV: 14    Int: 20    God:    Ashenzari [......]
Gold:   677        SH:  0    Dex: 13    Spells: 23/29 levels left

rFire   . . .      SeeInvis .   D - staff of earth
rCold   . . .      Faith    .   (no shield)
rNeg    + . .      Spirit   .   K - +2 robe {Will+}
rPois   ∞          Reflect  .   t - +1 helmet
rElec   +          Harm     .   (no cloak)
rCorr   .          Rampage  .   z - +2 pair of gloves {Dex+3}
Will    +....                   (no boots)
Stlth   ++........              L - amulet of the acrobat
HPRegen 0.22/turn               k - +4 ring of protection
MPRegen 0.24/turn               G - ring of magical power

@: no status effects
A: sickness immunity, AC +8, negative energy resistance 1, electricity
resistance, torment resistance 1, petrification resistance
a: Renounce Religion, Curse Item


You were on level 10 of the Dungeon.
You worshipped Ashenzari.
Ashenzari was noncommittal.
You visited 2 branches of the dungeon, and saw 12 of its levels.

You collected 677 gold pieces.

Inventory:

Hand Weapons
 A - a +2 dagger of venom
Missiles
 a - 210 stones
Armour
 b - a +0 robe
 t - a +1 helmet (worn)
 z - a +2 pair of gloves of dexterity (worn)
 K - a +2 robe of willpower (worn)
Magical Staves
 d - a staff of cold
 D - a staff of earth (weapon)
 E - a staff of air
Jewellery
 k - a +4 ring of protection (left hand)
 m - a ring of positive energy
 G - a ring of magical power (right hand)
 J - a ring of see invisible
 L - an amulet of the acrobat (around neck)
Wands
 C - a wand of mindburst (5)
 I - a wand of acid (7)
 O - a wand of flame (6)
Scrolls
 i - a scroll of enchant armour
 l - 4 scrolls of acquirement {unknown}
 o - 5 scrolls of teleportation {unknown}
 q - 13 scrolls of identify {unknown}
 r - 2 scrolls of blinking
 s - 3 scrolls of vulnerability {unknown}
 u - a scroll of torment {unknown}
 v - a scroll of immolation {unknown}
 y - a scroll of magic mapping {unknown}
 B - 3 scrolls of amnesia {unknown}
 F - a scroll of brand weapon {unknown}
 M - 4 scrolls of fog {unknown}
 N - a scroll of silence {unknown}
Potions
 c - a potion of invisibility {unknown}
 e - 2 potions of berserk rage
 h - 4 potions of degeneration {unknown}
 j - 6 potions of curing {unknown}
 n - 4 potions of lignification {unknown}
 p - 2 potions of brilliance
 w - a potion of mutation {unknown}
 x - a potion of might {unknown}
 H - a potion of flight {unknown}


   Skills:
 + Level 8.6 Fighting
 - Level 7.0 Armour
 + Level 6.1 Dodging
 - Level 2.1 Stealth
 + Level 9.4 Spellcasting
 - Level 5.4 Conjurations
 - Level 0.7 Transmutations
 + Level 12.3 Earth Magic


You had 23 spell levels left.
You knew the following spells:

 Your Spells              Type           Power      Damage    Failure   Level
a - Sandblast             Erth           100%       2d20      1%          1
b - Passwall              Tmut/Erth      43%        N/A       1%          2
c - Stone Arrow           Conj/Erth      100%       3d13      1%          3

Your spell library contained the following spells:

 Spells                   Type           Power      Damage    Failure   Level
 Magic Dart               Conj           100%       1d8       1%          1
 Searing Ray              Conj           62%        2d6       1%          2
 Lee's Rapid Deconstruct  Erth           36%        3d19*     1%          5
 Petrify                  Tmut/Erth      52%        N/A       4%          4
 Leda's Liquefaction      Hex/Erth       25%        N/A       6%          4
 Summon Small Mammal      Summ           36%        N/A       8%          1
 Conjure Flame            Conj/Fire      20%        6-21      8%          3
 Poisonous Vapours        Pois/Air       18%        N/A       11%         2
 Ignite Poison            Fire/Tmut/Pois 10%        N/A       21%         3
 Call Canine Familiar     Summ           9%         N/A       22%         3
 Summon Guardian Golem    Hex/Summ       9%         N/A       22%         3
 Fulminant Prism          Conj/Hex       10%        3d9       24%         4
 Sticky Flame             Conj/Fire      20%        2d4       24%         4
 Corpse Rot               Necr/Pois/Air  9%         N/A       58%         4
 Ignition                 Fire           4%         3d4       100%        8
 Statue Form              Tmut/Erth      Unusable   N/A       N/A         6

Dungeon Overview and Level Annotations

Branches:
Dungeon (11/15)            Temple (1/1) D:6
   Lair: D:8-11         Orc: D:9-12

Altars:
Ashenzari
Cheibriados
Dithmenos
Elyvilon
Fedhas
Gozag
Hepliaklqana
Kikubaaqudgha
Makhleb
Nemelex Xobeh
Okawaru
Qazlal
Ru
Sif Muna
Trog
Uskayaw
Vehumet
Wu Jian
Xom
Yredelemnul
Zin
The Shining One

Shops:
D:5 =   D:9 *

Portals:
Abyss: D:8

Annotations:
D:10 Urug


Innate Abilities, Weirdness & Mutations

You are immune to sickness and miasma.
Your stone body is resilient. (AC +8)
You are immune to poison.
You resist negative energy. (rN+)
You are resistant to electric shocks. (rElec)
You are resistant to unholy torment.
You are immune to petrification.


Message History

You kill the manticore!
You feel a surge of power!
The stone arrow hits the yaktaur captain!!
The yaktaur captain is heavily wounded.
You hear a bellow!
The yaktaur captain wields a +0 arbalest.
The yaktaur captain shoots a bolt.
The bolt misses you.
You hear a shout!
You feel a surge of power!
The stone arrow hits the yaktaur captain!
The yaktaur captain is severely wounded.
The yaktaur captain shoots a bolt.
The bolt hits you!!
You are too injured to fight recklessly!
You are too injured to fight recklessly!
Okay, then.
Blink to where?
Press: ? - help, Dir - move target, p - yaktaur captain
As you read the scroll of blinking, it crumbles to dust.
The barbs in your skin will harm you if you move.
Continue? [Y]es or [N]o only, please.
The barbs in your skin will harm you if you move.
Continue? [Y]es or [N]o only, please.
The barbs in your skin will harm you if you move.
Continue?
Okay, then.
Unknown command.
Unknown command.
As you read the scroll labelled BAJENY GOUMECS, it crumbles to dust.
It is a scroll of enchant weapon.
Really abort (and waste the scroll)?
Okay, then.
As you read the scroll labelled PURUOLI CUPP, it crumbles to dust.
You hear a loud clanging noise!
It was a scroll of noise.
The yaktaur captain shoots a bolt.
The bolt hits you!
* * * LOW HITPOINT WARNING * * *
As you read the scroll labelled CESEHA YMOL, it crumbles to dust.
It is a scroll of enchant armour.
Your +0 helmet glows green for a moment.
You carefully extract the barbed spikes from your body.
The yaktaur captain shoots a bolt.
The bolt hits you!!
You die...

#.#+######### ## ###
#..[## #.#.#♣♣.♣♣#..
..#♣♣.♣ #..[[#
#.#.#♣...♣#.♣
♣.#♣.♣♣♣#..[.######
#.#.#.#'#.#.♣
♣.#.♣♣..#.>..[.....
≈.#.#.#.#.#.♣
♣.#...♣.#...#######
≈≈..#.#.#.#.♣
♣.#♣♣♣♣.#......#<.#
≈≈..#.#.#.#.♣♣♣.#
♣.♣#..###.#.##
≈≈..#.#.#.♣.....♣♣ ♣♣.#..#
#.#.##
≈≈....#.#....♣..@♣♣♣.....#
#.#.##
≈≈..#.#.#.♣.....♣...♣♣#..#
#.#.##
≈≈..#.#.#.#.♣♣♣.#.♣♣♣♣#..#
#.#.## ≈≈..#.#.#.#.♣
♣.#....♣#..# #.#.##
≈≈..#.#.#.#.♣ ♣.#♣♣♣.♣#..#
#[#.## ≈†..#.#[#.#.♣
♣.#♣♣.♣♣#..# #.#...
≈≈..#♣...♣#.♣♣♣.#♣.♣♣ #..#
#### ≈#..#♣♣.♣♣#...c.#♣♣.♣
#..# ....# ### ###.### ###


You could see a yaktaur captain.

Vanquished Creatures
  Erica (D:8)
  3 two-headed ogres
  The ghost of Impy the Nimble, a novice DjCj of Ashenzari (D:8)
  Pikel (D:7)
  The ghost of Colgate the Destroyer, a novice KoBr of Ashenzari (D:5)
  A manticore (D:10)
  The ghost of JosephDoom the Cudgeller, a novice GrEE (D:5)
  Joseph (D:7)
  The ghost of flt the Changer, a novice DgTm (D:5)
  The ghost of Morbidden the Stinger, an amateur OgVM of Cheibriados (D:4)
  2 hornets (D:10)
  A troll (D:10)
  Sigmund (D:7)
  5 yaks
  The ghost of MrShunz the Thaumaturge, an amateur DECj (D:5)
  A wyvern (D:10)
  2 steam dragons
  Edmund (D:7)
  Menkaure (D:6)
  3 acid dragons
  4 orc warriors
  3 ice beasts
  2 water moccasins (D:6)
  A black bear (D:6)
  3 ogres
  2 lemures (D:7)
  4 centaurs
  3 phantoms
  5 kobold brigands
  3 bullfrogs
  A necrophage (D:7)
  A gnoll sergeant (D:9)
  5 scorpions
  18 wights
  18 killer bees
  6 electric eels (D:10)
  4 howler monkeys
  3 gnoll shamans
  3 hounds
  An iron imp (D:8)
  2 jellies (D:5)
  5 orc priests
  8 iguanas
  15 orc wizards
  A small abomination (D:8)
  18 adders
  15 gnolls
  2 shadow imps
  A white imp (D:7)
  4 ufetubi
  3 worms
  3 dart slugs
  30 orcs
  9 endoplasms
  3 giant cockroaches
  7 goblins
  8 hobgoblins
  4 jackals (D:1)
  3 quokkas
  9 ball pythons
  4 bats (D:1)
  2 frilled lizards (D:1)
  25 kobolds
  3 rats
304 creatures vanquished.

Vanquished Creatures (others)
  2 withered plants (D:5)
2 creatures vanquished.

Grand Total: 306 creatures vanquished

Notes
Turn   | Place    | Note
-------+----------+-------------------------------------------
     0 | D:1      | Essalna the Gargoyle Earth Elementalist began the quest for
                  | the Orb.
     0 | D:1      | Reached XP level 1. HP: 10/10 MP: 3/3
   532 | D:1      | Reached XP level 2. HP: 15/15 MP: 3/5
   535 | D:1      | Learned a level 2 spell: Passwall
   652 | D:1      | Found a faded altar of an unknown god.
   657 | D:1      | Reached skill level 4 in Earth Magic
  1181 | D:1      | Got the Handbook of Ignition and Intoxication
  1251 | D:1      | Reached XP level 3. HP: 19/19 MP: 4/6
  1627 | D:2      | Reached XP level 4. HP: 24/24 MP: 6/8
  2033 | D:2      | Learned a level 3 spell: Stone Arrow
  2088 | D:3      | Reached skill level 5 in Earth Magic
  2183 | D:3      | Noticed a scorpion
  2191 | D:3      | Killed a scorpion
  2192 | D:3      | Reached skill level 1 in Conjurations
  2192 | D:3      | Reached XP level 5. HP: 27/28 MP: 2/10
  3083 | D:4      | Reached XP level 6. HP: 32/32 MP: 7/11
  3146 | D:4      | Reached skill level 6 in Earth Magic
  3507 | D:4      | Reached XP level 7. HP: 32/36 MP: 0/13
  3604 | D:4      | Found a runed translucent door.
  3721 | D:4      | Noticed Morbidden's ghost (amateur OgVM)
  4318 | D:4      | Killed Morbidden's ghost
  4319 | D:4      | Reached skill level 5 in Spellcasting
  4319 | D:4      | Reached skill level 7 in Earth Magic
  4319 | D:4      | Reached XP level 8. HP: 28/41 MP: 8/15
  4437 | D:5      | Entered Level 5 of the Dungeon
  4554 | D:5      | Reached skill level 5 in Conjurations
  4844 | D:5      | Reached skill level 8 in Earth Magic
  4983 | D:5      | Reached skill level 1 in Fighting
  5238 | D:5      | Found a runed translucent gate.
  5238 | D:5      | Found a runed translucent gate.
  5238 | D:5      | Found a runed translucent gate.
  5239 | D:5      | Noticed MrShunz's ghost (amateur DECj)
  5239 | D:5      | Noticed Colgate's ghost (novice KoBr)
  5240 | D:5      | Noticed flt's ghost (novice DgTm)
  5240 | D:5      | Noticed JosephDoom's ghost (novice GrEE)
  5251 | D:5      | Found Cuokhliso's Jewellery Shop.
  5797 | D:5      | Reached XP level 9. HP: 49/49 MP: 8/18
  5961 | D:5      | Reached skill level 9 in Earth Magic
  6765 | D:6      | Noticed Menkaure
  6779 | D:6      | Reached skill level 1 in Armour
  6783 | D:6      | Killed Menkaure
  6954 | D:6      | Found a staircase to the Ecumenical Temple.
  6965 | Temple   | Entered the Ecumenical Temple
  7265 | Temple   | Became a worshipper of Ashenzari the Shackled
  8044 | D:7      | Found a sparkling altar of Nemelex Xobeh.
  8060 | D:7      | Noticed Joseph
  8068 | D:7      | Killed Joseph
  8069 | D:7      | Reached skill level 5 in Fighting
  8192 | D:7      | Noticed Pikel
  8206 | D:7      | Killed Pikel
  8207 | D:7      | Reached skill level 10 in Earth Magic
  8207 | D:7      | Reached XP level 10. HP: 59/59 MP: 0/21
  8870 | D:7      | Noticed Edmund
  8873 | D:7      | Killed Edmund
  8929 | D:7      | Noticed Sigmund
  8931 | D:7      | Killed Sigmund
  9153 | D:5      | Killed flt's ghost
  9156 | D:5      | Killed MrShunz's ghost
  9172 | D:5      | Killed Colgate's ghost
  9305 | D:5      | Killed JosephDoom's ghost
 10027 | D:8      | Reached skill level 5 in Armour
 10380 | D:8      | Found a transporter.
 10382 | D:8      | Found a transporter.
 10569 | D:8      | Reached skill level 11 in Earth Magic
 10569 | D:8      | Reached XP level 11. HP: 66/66 MP: 23/23
 10650 | D:8      | Noticed Erica
 10656 | D:8      | Killed Erica
 11735 | D:8      | Found a one-way gate to the infinite horrors of the Abyss.
 11735 | D:8      | Noticed Impy's ghost (novice DjCj)
 11742 | D:8      | Killed Impy's ghost
 12189 | D:9      | Reached skill level 5 in Dodging
 12531 | D:9      | Noticed a two-headed ogre
 12534 | D:9      | Killed a two-headed ogre
 12960 | D:9      | Found Zeca's General Store.
 13093 | D:9      | Identified the +4 ring mail of the Fiddle {Dex+4}
 13174 | D:9      | Found a blossoming altar of Fedhas.
 13523 | D:10     | Entered Level 10 of the Dungeon
 13633 | D:10     | Noticed a two-headed ogre
 13638 | D:10     | Killed a two-headed ogre
 13651 | D:10     | Noticed a two-headed ogre
 14317 | D:10     | Killed a two-headed ogre
 14318 | D:10     | Reached skill level 12 in Earth Magic
 14407 | D:10     | Noticed Urug
 14408 | D:10     | Reached XP level 12. HP: 74/74 MP: 16/25
 14772 | D:10     | Noticed a yaktaur captain
 14773 | D:10     | Noticed a two-headed ogre
 14784 | D:10     | Shot with a bolt by a yaktaur captain

Illustrated notes

Levels and vault maps discovered:
D:1:      minmay_arrival_shoal_huts, layout_loops_corners,
          hellmonk_ecumenical_altar_dog_temple,
          wander_ebering_terrifying_dragon_lair
D:2:      layout_rooms, minmay_ruptured
D:3:      layout_loops_cross
D:4:      layout_gridville, ebering_ghost_sewer_d
D:5:      kennysheep_windowed_halls, layout_basic, serial_shops,
          nicolae_shop_stone, gammafunk_ghost_cemetery,
          minmay_a_box_with_orc_wizards_in_it
D:6:      layout_loops_ring, minmay_temple_entry_drinking_statues, serial_glass,
          glass_columns_c, glass_columns_c, nicolae_figureground_sparkle,
          uniq_menkaure
D:7:      layout_loops_ring, nemelex_xobeh_ov_fountains_minmay,
          sigmund_edmund_badplayer, uniq_pikel, uniq_joseph
D:8:      layout_layer_cave, gammafunk_ghost_abyssal_escape,
          minmay_misc_feat_chi, uniq_erica
D:9:      layout_loops_ring, serial_shops, shop, skrybe_limestone_x,
          hangedman_abyss_or_decor_slice, kennysheep_flooded_box,
          minmay_door_square, grunt_ministairs_5
D:10:     nzn_winding_woodlands_three_and_one
          [nzn_winding_woodlands_5x15_longhouse,
          nzn_winding_woodlands_5x15_concentric,
          nzn_winding_woodlands_5x15_jagged,
          nzn_winding_woodlands_center_pierced_h], layout_basic,
          david_lair_shrubbed, serial_shops, nicolae_shop_bloodbath_and_beyond,
          uniq_urug
D:11:     layout_long_grid, serial_shops, shop
Temple:   regret_index_temple_sigil_plot

Skill      XL: |  1  2  3  4  5  6  7  8  9 10 11 12 |
---------------+-------------------------------------+-----
Earth Magic    | 4 5 6 7 8 10 11 12 | 12.3
Spellcasting   | 3 4 5 6 7 8 9 |  9.4
Conjurations   | 1 2 3 4 5 |  5.4
Fighting       | 2 5 6 8 |  8.6
Armour         | 3 5 7 |  7.0
Dodging        | 3 4 5 6 |  6.1
Stealth        | |  2.1
Transmutations | |  0.7

Action                   |  1- 3 |  4- 6 |  7- 9 | 10-12 || total
-------------------------+-------+-------+-------+-------++-------
Melee: Staff             |    22 |     5 |    16 |    58 ||   101
       Dagger            |       |       |    73 |       ||    73
 Cast: Sandblast         |    38 |    92 |    23 |    13 ||   166
       Stone Arrow       |       |       |    98 |   227 ||   325
  Use: Potion            |       |       |     1 |       ||     1
       Scroll            |       |       |       |     4 ||     4
Armor: Robe              |    15 |    15 |    68 |    95 ||   193
Dodge: Dodged            |    30 |    19 |    57 |   121 ||   227

Table legend: (Time is in decaauts)
 A = Elapsed time spent in this place.
 B = Non-inter-level travel time spent in this place.
 C = Inter-level travel time spent in this place.
 D = Time resting spent in this place.
 E = Time spent auto-exploring this place.
 F = Levels seen in this place.
 G = Mean time per level.
                   A        B        C        D        E       F      G
               +--------+--------+--------+--------+--------+-----+--------+
         Total |  14822 |  14378 |    444 |      0 |  12662 |  12 | 1235.2 |
       Dungeon |  14504 |  14094 |    410 |      0 |  12398 |  11 | 1318.5 |
        Temple |    317 |    283 |     34 |      0 |    264 |   1 |  317.0 |
               +--------+--------+--------+--------+--------+-----+--------+

Top non-repeatable levels by time:
     D:5: 2442 daAuts
     D:8: 2150 daAuts
     D:9: 1636 daAuts
     D:7: 1463 daAuts
     D:4: 1430 daAuts
     D:1: 1413 daAuts
     D:6: 1088 daAuts
    D:10: 1002 daAuts
     D:3: 930 daAuts
     D:2: 676 daAuts
  Temple: 317 daAuts
    D:11: 269 daAuts
